Map: Lost and Found LE

Players

Future

  • Race: Terran Terran
  • Spawn Location: 1:00

Semper - Winner!

  • Race: Terran Terran
  • Spawn Location: 7:00

Event: WCS Austin 2018

VOD

Have the link to the VOD?

Description

Time

  • Played on: June 1, 2018, 4:57 p.m.
  • Length: 21:58

All games in this series

Show
View Real Time Build Order
Export as new Build Order

Future Terran 

Build Orders: Cyclone Opening, Gas First Reaper Expand, Reaper Expand, Bio Tank, Cyclone Timing 

Get SALT Encoding   

  12  0:02  SCV  
  14  0:14  SCV  
  14  0:18  Supply Depot  
  14  0:26  SCV  
  14  0:28  Refinery  
  15  0:39  SCV  
  16  0:45  Barracks  
  16  0:51  SCV  
  17  1:03  SCV  
  18  1:16  SCV  
  19  1:32  Reaper  
  19  1:33  Orbital Command  
  20  1:46  Command Center  
  20  1:58  Factory  
  20  2:00  SCV  
  21  2:07  Barracks Reactor  
  21  2:12  SCV  
  21  2:13  Refinery  
  22  2:19  Supply Depot  
  22  2:25  SCV  
  23  2:41  SCV  
  23  2:43  Cyclone  
  23  2:44  Marine x2  
  29  2:53  SCV  
  30  2:58  Starport  
  30  3:02  Orbital Command  
  30  3:05  SCV  
  31  3:08  Marine  
  31  3:11  Marine  
  33  3:21  Cyclone  
  33  3:23  SCV  
  33  3:26  Marine  
  38  3:28  SCV  
  39  3:35  Supply Depot  
  39  3:37  SCV  
  39  3:40  SCV  
  41  3:41  Medivac  
  41  3:47  Marine x2  
  44  3:49  SCV  
  44  3:53  SCV  
  44  3:55  Supply Depot  
  46  3:59  Factory Tech Lab  
  46  4:01  SCV  
  47  4:05  SCV, Marine x2  
  47  4:07  Cyclone  
  53  4:12  Supply Depot  
  53  4:13  SCV  
  53  4:21  Viking  
  53  4:23  SCV, Marine x2  
  58  4:25  SCV  
  58  4:29  Supply Depot  
  59  4:32  Supply Depot  
  59  4:35  SCV  
  59  4:36  Liberator  
  59  4:37  SCV  
  61  4:39  Factory Tech Lab  
  61  4:41  Marine x2  
  63  4:47  SCV  
  63  4:49  SCV  
  65  4:59  SCV, Marine  
  69  5:14  SCV  
  70  5:20  Marine x2  
  70  5:23  SCV  
  70  5:26  SCV  
  70  5:27  Siege Tank  
  74  5:31  Command Center  
  74  5:35  Supply Depot  
  74  5:37  Refinery  
  74  5:38  Refinery, SCV  
  74  5:41  Starport Reactor  
  74  5:42  SCV  
  76  5:46  Supply Depot  
  76  5:48  Barracks Tech Lab  
  76  5:50  SCV  
  76  5:54  SCV  
  78  5:59  Engineering Bay x2  
  78  6:01  Siege Tank  
  78  6:02  SCV  
  82  6:06  SCV, Marine  
  84  6:14  SCV  
  85  6:18  SCV  
  85  6:20  Barracks  
  85  6:23  Stimpack, Barracks  
  85  6:24  Marine  
  87  6:26  SCV  
  87  6:30  SCV  
  87  6:33  Barracks  
  87  6:35  Terran Infantry Weapons Level 1, Terran Infantry Armor Level 1, Barracks  
  87  6:37  Starport Reactor  
  84  6:42  Marine  
  85  6:53  Siege Tank  
  88  6:57  SCV  
  88  6:58  Supply Depot, SCV  
  88  7:00  Supply Depot, Marine  
  88  7:05  Orbital Command  
  87  7:12  Marine x2  
  87  7:14  Barracks Reactor  
  89  7:15  SCV x2  
  89  7:18  Marine  
  89  7:19  Marine  
  89  7:20  Marine  
  93  7:25  Siege Tank  
  93  7:27  SCV  
  93  7:28  Barracks Reactor  
  96  7:30  SCV, Marine  
  96  7:31  SCV, Marine  
  96  7:35  Marine  
  101  7:37  Marine  
  101  7:38  Marine  
  101  7:39  SCV  
  104  7:47  SCV  
  104  7:48  Marine x2  
  104  7:50  Marine x2  
  105  7:52  SCV  
  105  7:53  Marine  
  105  7:55  SCV, Marine  
  105  7:57  Marine  
  110  8:04  Medivac x2  
  110  8:05  Siege Tank  
  116  8:06  Marine  
  116  8:08  SCV x2  
  116  8:10  SCV  
  119  8:13  Armory  
  119  8:15  Supply Depot  
  119  8:20  SCV x2, Marine x2  
  119  8:22  SCV  
  119  8:23  Refinery x2  
  119  8:24  Combat Shield  
  119  8:26  Marine x2  
  125  8:27  Marine  
  125  8:30  Marine  
  125  8:32  Marine x2  
  125  8:34  Marine  
  130  8:37  Siege Tank  
  130  8:38  Marine x2  
  130  8:40  Medivac  
  130  8:41  Medivac  
  139  8:44  Marine  
  139  8:47  Supply Depot  
  139  8:48  Supply Depot  
  140  8:49  Supply Depot  
  140  8:50  Supply Depot  
  140  8:51  Marine x2  
  142  8:58  Marine x2  
  142  8:59  Marine x3  
  142  9:00  Marine  
  148  9:06  Marine  
  148  9:09  Marine  
  146  9:11  SCV  
  146  9:12  Marine  
  146  9:13  SCV  
  146  9:15  SCV  
  147  9:17  Marine  
  147  9:19  Sensor Tower, Marine  
  147  9:20  Marine  
  147  9:23  Terran Infantry Weapons Level 2  
  147  9:24  Terran Infantry Armor Level 2, Terran Vehicle Weapons Level 1  
  147  9:25  Factory  
  147  9:29  Missile Turret  
  147  9:30  Missile Turret, Marine x2  
  147  9:31  Marine  
  149  9:33  Siege Tank, Marine  
  149  9:35  Marine  
  149  9:39  Marine  
  149  9:42  Marine x3  
  153  9:45  Viking  
  153  9:47  Marine  
  153  9:50  Marine  
  156  9:53  Marine x2  
  156  9:54  Marine  
  156  9:57  Marine  
  160  10:02  Missile Turret  
  160  10:03  Missile Turret x2  
  160  10:04  Marine x2  
  160  10:05  Marine x2  
  164  10:08  Marine  
  164  10:11  Marine x3  
  164  10:12  Siege Tank, Factory Tech Lab  
  167  10:15  Marine  
  166  10:22  Supply Depot, Marine x3  
  166  10:23  Supply Depot  
  171  10:29  Viking x2  
  168  10:38  Marine x4  
  168  10:40  Marine  
  168  10:41  Siege Tank  
  176  10:44  Siege Tank  
  176  10:49  Supply Depot  
  179  10:50  Marine  
  180  11:02  Marine x3  
  183  11:04  Marine  
  183  11:05  Marine  
  183  11:07  Marine x2  
  183  11:09  Viking  
  183  11:10  Marine  
  190  11:13  Siege Tank  
  190  11:16  Siege Tank, Marine  
  190  11:18  Liberator  
  197  11:20  Marine  
  197  11:22  Liberator  
  197  11:24  Marine  
  197  11:25  Marine  
  186  11:26  Marine  
  186  11:28  Marine  
  184  11:42  Marine  
  184  11:45  Siege Tank  
  186  11:49  Siege Tank  
  186  11:51  Command Center  
  182  11:57  Marine  
  182  11:58  Marine  
  161  12:08  Marine x6  
  156  12:15  Terran Infantry Weapons Level 3  
  156  12:16  Terran Infantry Armor Level 3  
  156  12:18  Siege Tank, Viking  
  156  12:22  Viking  
  154  12:23  Siege Tank  
  154  12:25  Marine x3  
  154  12:26  Marine  
  161  12:34  Marine x2  
  161  12:35  Marine  
  145  12:37  Marine  
  144  12:50  Siege Tank  
  147  12:55  Siege Tank  
  147  12:56  Marine x3  
  151  13:07  Marine  
  151  13:08  Marine x5  
  156  13:14  Marine x3  
  156  13:19  Viking x2  
  163  13:22  Siege Tank  
  163  13:23  Planetary Fortress  
  163  13:25  Marine  
  163  13:26  Marine x4  
  171  13:27  Siege Tank  
  174  13:38  Marine  
  172  13:49  Marine  
  172  13:52  Marine  
  170  13:59  Marine  
  148  14:10  Siege Tank  
  148  14:12  Siege Tank, Marine  
  148  14:13  Marine x6  
  148  14:14  Viking x2  
  148  14:17  Marine x2  
  161  14:30  Marine x3  
  161  14:31  Marine  
  159  14:38  Missile Turret  
  159  14:41  Missile Turret  
  159  14:42  Siege Tank, Missile Turret  
  159  14:44  Siege Tank, Missile Turret  
  165  14:45  Missile Turret  
  165  14:46  Missile Turret, Marine  
  165  14:50  Missile Turret, Marine x8  
  174  14:55  Missile Turret  
  174  14:57  Missile Turret, Liberator x2  
  174  14:58  Missile Turret  
  174  15:04  Marine  
  175  15:08  Marine x8  
  175  15:14  Siege Tank  
  183  15:16  Siege Tank  
  189  15:22  Marine  
  177  15:31  Marine x4  
  177  15:32  Marine  
  179  15:36  Marine  
  179  15:37  Terran Vehicle Weapons Level 2, Marine x2  
  179  15:40  Liberator x2, Marine  
  179  15:42  Refinery  
  182  15:46  Siege Tank  
  182  15:49  Marine x4  
  188  15:50  Command Center  
  188  15:55  Siege Tank  
  191  15:58  Marine  
  198  16:05  Marine  
  199  16:16  Marine  
  186  16:35  Starport  
  186  16:38  Starport  
  186  16:39  Siege Tank x2  
  182  16:40  Marine x4  
  182  16:44  Viking x2  
  186  16:48  Marine x5  
  191  16:57  Marine  
  191  16:58  Marine  
  193  17:02  Marine x2  
  193  17:06  Marine  
  199  17:17  Starport Tech Lab  
  199  17:18  Starport Reactor  
  200  17:34  Viking  
  190  17:38  Viking x2  
  199  18:04  Viking  
  197  18:08  Viking  
  154  18:12  Viking  
  194  18:20  Viking x2  
  198  18:32  Command Center  
  198  18:33  Command Center  
  192  18:50  Viking  
  192  18:52  Viking  
  192  18:55  Viking  
  198  18:56  Viking  
  194  19:23  Marine x6  
  194  19:24  Siege Tank x2  
  190  19:26  Marine  
  190  19:28  Marine  
  188  19:36  Marine  
  186  19:41  Marine x5  
  186  19:43  Marine  
  186  19:44  Marine  
  187  19:45  Marine  
  188  19:54  Marine  
  188  19:56  Siege Tank  
  188  19:58  Marine  
  188  19:59  Marine x3  
  194  20:02  Marine  
  194  20:03  Marine  
  194  20:05  Marine  
  197  20:09  Planetary Fortress  
  195  20:16  Marine x3  
  195  20:17  Marine x2  
  191  20:22  Marine  
  177  20:31  Siege Tank, Marine x3  
  177  20:33  Marine  
  177  20:34  Marine x2  
  177  20:35  Marine x2  
  178  20:40  Marine  
  180  20:47  Planetary Fortress  
  180  20:48  Marine  
  180  20:49  Marine x2  
  182  20:51  Marine x2  
  182  20:52  Marine  
  182  20:53  Marine x2  
  176  20:58  Marine  
  157  21:04  Siege Tank  
  157  21:06  Marine  
  157  21:07  Marine x2  
  157  21:09  Marine x2  
  157  21:10  Marine x2  
  157  21:11  Marine  
  165  21:16  Marine  
  161  21:24  Marine x3  
  153  21:27  Marine x2  
  153  21:28  Marine x3  
  150  21:33  Marine  
Show
View Real Time Build Order
Export as new Build Order

Semper Terran - Winner!

Build Orders: Cyclone Opening, Bio Tank 

Get SALT Encoding   

  12  0:00  SCV  
  13  0:13  SCV  
  14  0:17  Supply Depot  
  14  0:25  SCV  
  14  0:27  Refinery  
  15  0:39  SCV  
  16  0:44  Barracks  
  16  0:51  SCV  
  16  0:54  Refinery  
  17  1:03  SCV  
  18  1:15  SCV  
  19  1:31  Orbital Command  
  19  1:32  Reaper  
  20  1:35  Factory  
  20  1:45  Supply Depot  
  20  1:56  SCV  
  21  2:04  Reaper  
  22  2:08  SCV  
  23  2:19  Hellion  
  23  2:20  SCV  
  26  2:28  Command Center  
  26  2:32  SCV  
  27  2:39  Barracks Reactor  
  27  2:44  Supply Depot, SCV  
  27  2:48  Cyclone  
  31  3:00  Starport  
  32  3:05  SCV  
  32  3:17  SCV  
  32  3:22  Cyclone, Marine x2  
  32  3:25  Supply Depot  
  37  3:29  SCV  
  37  3:37  Medivac  
  37  3:41  Marine x2  
  39  3:42  SCV  
  39  3:45  Orbital Command  
  42  3:54  SCV  
  43  3:59  Cyclone, Marine x2  
  48  4:06  SCV  
  48  4:07  Liberator  
  49  4:14  SCV  
  50  4:23  SCV  
  51  4:26  Supply Depot  
  51  4:30  Marine x2  
  56  4:34  SCV  
  57  4:38  SCV  
  56  4:49  Command Center  
  56  4:51  Cyclone  
  56  4:52  Marine x2  
  62  5:00  SCV  
  62  5:07  SCV  
  62  5:21  SCV x2  
  61  5:24  Factory Tech Lab  
  61  5:28  Starport Reactor  
  57  5:29  Barracks  
  57  5:31  Barracks Tech Lab, Barracks  
  57  5:33  Bunker, SCV x2  
  59  5:35  Engineering Bay  
  59  5:37  Engineering Bay  
  58  5:43  Siege Tank  
  58  5:45  SCV  
  62  5:53  SCV  
  62  5:54  Refinery  
  62  5:55  Refinery  
  63  5:57  SCV  
  63  6:03  Marine  
  65  6:04  Stimpack  
  65  6:06  SCV  
  65  6:10  Starport Reactor  
  66  6:13  Command Center  
  66  6:14  SCV  
  66  6:23  Siege Tank, Marine  
  70  6:26  Command Center  
  70  6:30  Supply Depot  
  70  6:32  SCV x2  
  72  6:35  Marine  
  73  6:44  SCV x2  
  75  6:51  Marine  
  75  6:52  Marine x2  
  80  6:55  Terran Infantry Weapons Level 1, Terran Infantry Armor Level 1  
  80  6:56  SCV  
  80  6:58  SCV  
  80  7:00  Barracks x2, Medivac  
  82  7:04  Supply Depot  
  82  7:07  Marine x2  
  85  7:08  SCV  
  85  7:11  SCV  
  86  7:19  Supply Depot  
  86  7:25  Siege Tank, SCV, Marine x3  
  86  7:27  SCV  
  94  7:38  SCV, Marine x2, Medivac  
  94  7:39  Orbital Command  
  94  7:40  Sensor Tower  
  94  7:43  Marine  
  100  7:46  Marine  
  100  7:50  Marine  
  100  7:51  SCV  
  100  7:53  Barracks Reactor x2  
  100  7:54  SCV  
  101  7:58  Armory  
  101  8:02  Marine x2  
  101  8:03  Missile Turret, SCV  
  101  8:04  Missile Turret  
  104  8:06  Marine x2  
  104  8:07  Combat Shield  
  104  8:10  SCV  
  104  8:11  SCV  
  108  8:14  Marine  
  108  8:17  Supply Depot  
  108  8:18  SCV  
  108  8:19  Supply Depot  
  110  8:20  Marine x2  
  110  8:26  Marine x2  
  114  8:29  SCV  
  114  8:30  Marine x2  
  117  8:39  Siege Tank  
  117  8:40  Marine x3  
  123  8:44  Refinery, Factory  
  123  8:45  Refinery  
  123  8:46  Supply Depot, Marine  
  123  8:47  Marine  
  125  8:49  Supply Depot, SCV x2  
  125  8:50  Supply Depot  
  126  9:00  Marine  
  126  9:01  Marine x3  
  130  9:04  SCV  
  130  9:06  Marine x2  
  130  9:08  Terran Infantry Armor Level 2, Terran Infantry Weapons Level 2  
  123  9:11  Siege Tank, SCV  
  123  9:15  Marine  
  123  9:16  Marine x2  
  128  9:22  Terran Vehicle Weapons Level 1  
  128  9:23  Supply Depot, Marine x3  
  131  9:28  Factory Tech Lab  
  131  9:31  Marine  
  131  9:32  Medivac  
  131  9:35  Marine  
  131  9:37  SCV x3  
  138  9:42  Marine  
  138  9:43  Marine x6  
  145  9:47  Command Center  
  145  9:55  Medivac  
  145  9:57  Missile Turret  
  145  9:59  Missile Turret  
  147  10:00  Siege Tank  
  147  10:04  Marine x2, Medivac  
  154  10:10  Marine  
  148  10:17  Supply Depot  
  148  10:18  Supply Depot  
  148  10:19  Supply Depot  
  143  10:31  Siege Tank  
  146  10:36  Medivac x2  
  146  10:39  Siege Tank, Marine  
  146  10:40  Marine x3  
  146  10:41  Marine  
  157  10:48  Marine  
  158  10:55  SCV x2  
  158  10:56  Marine x3  
  163  10:57  Sensor Tower, Marine  
  163  10:58  Marine x3  
  163  10:59  Missile Turret  
  163  11:03  Siege Tank  
  169  11:04  Marine  
  169  11:05  Planetary Fortress  
  169  11:06  SCV  
  169  11:07  SCV  
  172  11:11  Missile Turret  
  172  11:12  Marine  
  172  11:14  Marine x3  
  172  11:15  Marine x2  
  179  11:18  Siege Tank, Marine  
  179  11:19  Marine  
  179  11:22  Marine  
  166  11:26  Terran Infantry Armor Level 3, Terran Infantry Weapons Level 3  
  166  11:30  Marine  
  166  11:32  Marine x3  
  154  11:33  Marine x2  
  154  11:35  Siege Tank  
  154  11:36  Marine  
  160  11:40  Marine  
  160  11:41  Marine  
  162  11:48  Marine  
  162  11:50  Marine x3  
  162  11:51  SCV, Marine x2  
  162  11:52  SCV  
  162  11:54  Marine  
  162  11:56  Siege Tank  
  144  12:07  Siege Tank  
  144  12:11  Marine, Viking x2  
  144  12:12  Marine x8  
  149  12:28  Siege Tank  
  149  12:29  Marine x5  
  149  12:30  Marine x2  
  145  12:38  Marine x2  
  145  12:41  Siege Tank  
  150  12:47  Marine x7  
  150  12:48  Viking x2  
  161  12:56  Marine x2  
  163  13:02  Command Center  
  163  13:05  Marine x7  
  163  13:07  Siege Tank  
  169  13:13  Marine  
  169  13:14  Marine  
  169  13:17  Siege Tank  
  169  13:19  Refinery  
  173  13:20  Refinery  
  173  13:22  Marine  
  173  13:23  Marine, Viking x2  
  173  13:26  Marine x2  
  173  13:27  Marine  
  181  13:31  Marine  
  183  13:34  Marine  
  183  13:39  Siege Tank  
  187  13:44  Marine  
  188  13:49  Siege Tank  
  184  14:10  Marine  
  184  14:11  Siege Tank, Marine x3  
  186  14:18  Marine x5  
  186  14:21  Siege Tank  
  186  14:23  Planetary Fortress  
  191  14:24  Refinery  
  191  14:28  Marine x2  
  191  14:29  Marine x2  
  195  14:33  Refinery  
  195  14:36  Marine x3  
  198  14:43  Barracks, Command Center  
  198  14:45  Barracks  
  198  14:47  Barracks  
  198  14:55  Starport  
  198  14:57  Starport  
  198  15:01  Structure Armor  
  198  15:02  Terran Ship Weapons Level 1  
  198  15:04  Marine  
  199  15:08  Liberator x2  
  199  15:12  Siege Tank  
  196  15:27  Siege Tank  
  193  15:30  Marine x4  
  188  15:39  Starport Tech Lab  
  188  15:40  Starport  
  188  15:42  Marine  
  186  15:43  Sensor Tower  
  186  15:45  Marine x4  
  186  15:47  Marine  
  194  15:50  Siege Tank, Marine  
  194  15:51  Marine x2  
  194  15:52  Barracks Reactor x2  
  197  16:00  Marine  
  190  16:08  Medivac  
  191  16:12  Medivac  
  191  16:17  Siege Tank  
  191  16:29  Marine  
  186  16:33  Starport Tech Lab  
  186  16:34  Raven, Fusion Core, Starport Tech Lab, Corvid Reactor  
  186  16:38  Medivac  
  186  16:42  Viking  
  184  16:48  Siege Tank  
  184  16:51  Viking  
  189  17:08  Viking  
  191  17:11  Marine x2  
  191  17:12  Marine x6, Viking  
  191  17:13  Raven  
  195  17:17  Missile Turret, Planetary Fortress, Viking  
  195  17:21  Viking  
  181  17:38  Siege Tank, Viking  
  181  17:40  Marine  
  181  17:41  Marine x2  
  181  17:42  Viking  
  181  17:44  Advanced Ballistics  
  187  17:45  Marine  
  187  17:47  Medivac  
  187  17:50  Siege Tank  
  192  17:51  Viking  
  192  17:53  Marine x2  
  192  17:56  Marine x2, Viking  
  194  18:08  Marine, Viking  
  194  18:09  Marine x4  
  194  18:10  Marine  
  194  18:11  Marine  
  194  18:12  Viking  
  198  18:16  Raven  
  200  18:32  Command Center  
  200  18:36  Command Center  
  192  18:57  Siege Tank  
  192  19:01  Marine x6  
  200  19:13  Liberator  
  172  19:24  Siege Tank  
  172  19:25  Marine  
  172  19:28  Marine  
  172  19:29  Marine  
  172  19:30  Viking x3  
  172  19:31  Viking  
  183  19:33  Marine  
  184  19:45  Marine  
  184  19:46  Marine x11  
  195  19:54  Siege Tank  
  195  19:55  Marine  
  198  20:00  Viking  
  199  20:08  Marine  
  197  20:25  Marine x3  
  200  20:34  Raven x2  
  198  20:42  Marine x4  
  200  20:43  Marine  
  191  20:59  Marine  
  191  21:00  Marine  
  191  21:02  Marine x2  
  180  21:04  Marine  
  180  21:10  Raven  
  180  21:11  Marine, Viking x2  
  184  21:12  Marine x8  
  184  21:13  Planetary Fortress  
  184  21:17  Marine  
  194  21:18  Marine  
  194  21:20  Marine  
  196  21:30  Marauder  
  196  21:33  Marine x4  
Tags
 
Add a new tag
Caveats
  • Supply blocks, unpowered buildings, or Contaminate may cause inaccurate times.
  • Supply counts are checked every 10 seconds.